[ AOE2 MATCH · #508114797 ]
UnrankedArmenians vs Romans
Player's team · LOSS
Rival team · WIN
[ REPLAY ANALYSIS · EXTRACTED FROM THE RECORDED GAME ]
Feudal
11:30
Castle
20:05
Imperial
—
| APM avg | 51.9 |
| APM peak | 96 |
| eAPM avg | 31.4 |
| Villagers / military | 53 / 20 |
Focus
⚔️ 61.9% · 🌾 38.1%
Archer ×11 · Spearman ×4 · Monk ×3 · Militia ×2
Feudal
8:26
Castle
18:46
Imperial
—
| APM avg | 64.4 |
| APM peak | 89 |
| eAPM avg | 30.2 |
| Villagers / military | 59 / 21 |
Focus
⚔️ 32.0% · 🌾 68.0%
Knight ×14 · Scout Cavalry ×4 · Monk ×1 · Scorpion ×1 · Battering Ram ×1
Match map
Initial resources + every placement click. Lines = walls · curves = elevation contours. ◆ gold · ⬟ stone · ● berries · ✦ relic · ◌ wall gap
Your base· ✓ Closed at 20:05 · 52t walls · no gate
TRMA | The_Beatleman's base· Open — opponent sealed themselves in
Smoothed initial terrain · ◌ = detected wall gap · hover for details
Inputs per minute
— Emu Warrior - - TRMA | The_Beatleman
Build order — Emu Warrior
First 150 of 152 actions detected
| 0:00 | Queue | Villager (Male) |
| 0:00 | Queue | Villager (Male) |
| 0:01 | Queue | Villager (Male) |
| 0:04 | Build | House |
| 0:05 | Build | House |
| 0:17 | Queue | Villager (Male) |
| 1:12 | Queue | Villager (Male) |
| 1:12 | Queue | Villager (Male) |
| 1:48 | Build | Mule Cart |
| 2:00 | Queue | Villager (Male) |
| 2:18 | Queue | Villager (Male) |
| 2:46 | Queue | Villager (Male) |
| 3:06 | Queue | Villager (Male) |
| 3:39 | Queue | Villager (Male) |
| 3:49 | Build | House |
| 4:17 | Queue | Villager (Male) |
| 4:17 | Queue | Villager (Male) |
| 4:25 | Build | Barracks |
| 4:31 | Build | House |
| 4:37 | Queue | Villager (Male) |
| 4:51 | Build | House |
| 5:03 | Queue | Villager (Male) |
| 5:04 | Queue | Villager (Male) |
| 5:22 | Queue | Militia |
| 5:25 | Queue | Villager (Male) |
| 5:33 | Queue | Militia |
| 5:47 | Queue | Villager (Male) |
| 6:21 | Build | Mill |
| 6:23 | Queue | Villager (Male) |
| 6:32 | Build | Palisade Wall |
| 6:33 | Build | Palisade Wall |
| 6:35 | Build | Palisade Wall |
| 6:42 | Queue | Villager (Male) |
| 6:51 | Build | House |
| 6:51 | Build | Palisade Wall |
| 6:53 | Build | Palisade Wall |
| 7:11 | Queue | Villager (Male) |
| 7:25 | Build | Palisade Wall |
| 7:40 | Queue | Villager (Male) |
| 7:54 | Queue | Villager (Male) |
| 7:56 | Build | Palisade Wall |
| 8:30 | Research | Loom |
| 8:45 | Queue | Villager (Male) |
| 9:12 | Research | Feudal Age |
| 9:18 | Build | Palisade Wall |
| 9:26 | Build | Mule Cart |
| 9:38 | Build | Farm |
| 9:42 | Build | House |
| 9:55 | Queue | Spearman |
| 9:55 | Queue | Spearman |
| 9:57 | Queue | Villager (Male) |
| 10:02 | Build | Palisade Wall |
| 10:05 | Build | Palisade Wall |
| 10:26 | Build | House |
| 10:27 | Build | Palisade Wall |
| 10:31 | Build | House |
| 10:52 | Build | Farm |
| 11:09 | Build | Palisade Wall |
| 11:14 | Build | Palisade Wall |
| 11:22 | Build | House |
| 11:30 | Age | Feudal Age |
| 11:34 | Build | Archery Range |
| 11:38 | Queue | Spearman |
| 11:40 | Research | Double-Bit Axe |
| 11:49 | Queue | Villager (Male) |
| 12:01 | Queue | Villager (Male) |
| 12:22 | Build | Palisade Wall |
| 12:44 | Queue | Villager (Male) |
| 12:50 | Build | Palisade Wall |
| 12:54 | Queue | Archer |
| 12:55 | Queue | Archer |
| 12:57 | Build | Farm |
| 13:14 | Build | Farm |
| 13:14 | Queue | Villager (Male) |
| 13:15 | Queue | Villager (Male) |
| 13:20 | Queue | Villager (Male) |
| 13:38 | Queue | Villager (Male) |
| 13:39 | Queue | Archer |
| 13:42 | Build | Farm |
| 13:43 | Build | Farm |
| 14:05 | Build | Palisade Wall |
| 14:29 | Build | Farm |
| 14:31 | Build | Farm |
| 14:33 | Build | Farm |
| 14:34 | Build | Farm |
| 14:36 | Queue | Archer |
| 14:39 | Queue | Villager (Male) |
| 14:49 | Build | House |
| 15:00 | Queue | Villager (Male) |
| 15:01 | Queue | Archer |
| 15:02 | Build | Farm |
| 15:08 | Queue | Villager (Male) |
| 15:21 | Build | House |
| 15:37 | Queue | Archer |
| 15:38 | Build | Palisade Wall |
| 15:39 | Build | Palisade Wall |
| 15:52 | Queue | Archer |
| 15:54 | Queue | Villager (Male) |
| 16:19 | Build | Blacksmith |
| 16:24 | Queue | Villager (Male) |
| 16:51 | Build | Palisade Wall |
| 16:57 | Queue | Villager (Male) |
| 16:58 | Queue | Archer |
| 17:09 | Queue | Spearman |
| 17:23 | Research | Castle Age |
| 17:30 | Build | House |
| 17:42 | Queue | Archer |
| 17:49 | Build | Market |
| 18:06 | Research | Fletching |
| 18:15 | Build | Palisade Wall |
| 18:17 | Research | Horse Collar |
| 18:49 | Queue | Archer |
| 19:00 | Queue | Villager (Male) |
| 19:07 | Research | Gold Mining |
| 19:17 | Queue | Villager (Male) |
| 19:36 | Build | Palisade Wall |
| 19:58 | Queue | Archer |
| 20:05 | Age | Castle Age |
| 20:09 | Build | Monastery |
| 20:15 | Research | Bodkin Arrow |
| 20:19 | Research | Crossbowman (upgrade) |
| 20:23 | Queue | Villager (Male) |
| 20:38 | Build | Monastery |
| 20:58 | Build | Monastery |
| 21:03 | Queue | Villager (Male) |
| 21:09 | Queue | Villager (Male) |
| 21:11 | Queue | Monk |
| 21:13 | Queue | Villager (Male) |
| 21:15 | Build | Mule Cart |
| 21:19 | Build | Palisade Wall |
| 21:19 | Build | Palisade Wall |
| 21:20 | Build | Palisade Wall |
| 22:13 | Queue | Villager (Male) |
| 22:13 | Queue | Villager (Male) |
| 22:19 | Build | Mule Cart |
| 22:21 | Queue | Monk |
| 22:26 | Build | House |
| 22:35 | Queue | Villager (Male) |
| 22:48 | Build | Town Center |
| 22:54 | Build | Town Center |
| 22:56 | Queue | Villager (Male) |
| 22:58 | Build | House |
| 23:01 | Queue | Monk |
| 23:13 | Build | House |
| 23:20 | Research | Bow Saw |
| 23:22 | Queue | Villager (Male) |
| 23:22 | Queue | Villager (Male) |
| 23:39 | Queue | Villager (Male) |
| 23:54 | Build | House |
| 23:55 | Build | House |
Build order — TRMA | The_Beatleman
147 actions detected in the replay
| 0:00 | Queue | Villager (Male) |
| 0:01 | Queue | Villager (Male) |
| 0:02 | Build | House |
| 0:05 | Build | House |
| 0:11 | Queue | Villager (Male) |
| 0:14 | Queue | Villager (Male) |
| 1:27 | Queue | Villager (Male) |
| 1:44 | Build | Lumber Camp |
| 1:57 | Queue | Villager (Male) |
| 2:13 | Queue | Villager (Male) |
| 2:45 | Queue | Villager (Male) |
| 3:17 | Queue | Villager (Male) |
| 3:17 | Queue | Villager (Male) |
| 3:48 | Build | Mill |
| 3:58 | Queue | Villager (Male) |
| 4:07 | Queue | Villager (Male) |
| 4:12 | Queue | Villager (Male) |
| 4:24 | Build | House |
| 4:31 | Research | Loom |
| 4:54 | Queue | Villager (Male) |
| 5:08 | Queue | Villager (Male) |
| 5:27 | Queue | Villager (Male) |
| 6:10 | Research | Feudal Age |
| 6:10 | Research | Feudal Age |
| 6:24 | Build | Mill |
| 7:20 | Build | Palisade Wall |
| 7:54 | Build | Barracks |
| 7:57 | Build | House |
| 7:59 | Queue | Villager (Male) |
| 8:26 | Age | Feudal Age |
| 8:28 | Build | Palisade Wall |
| 8:30 | Queue | Villager (Male) |
| 8:32 | Build | Stable |
| 8:45 | Queue | Villager (Male) |
| 9:06 | Queue | Scout Cavalry |
| 9:35 | Queue | Villager (Male) |
| 9:43 | Queue | Villager (Male) |
| 9:53 | Queue | Scout Cavalry |
| 9:58 | Build | Farm |
| 9:59 | Build | Farm |
| 10:06 | Queue | Villager (Male) |
| 10:08 | Queue | Villager (Male) |
| 10:12 | Build | Farm |
| 10:17 | Build | Farm |
| 10:31 | Queue | Villager (Male) |
| 10:32 | Build | Farm |
| 10:35 | Research | Town Watch |
| 10:43 | Build | House |
| 10:54 | Queue | Villager (Male) |
| 11:00 | Queue | Scout Cavalry |
| 11:09 | Queue | Scout Cavalry |
| 11:20 | Queue | Villager (Male) |
| 11:21 | Build | Farm |
| 11:28 | Queue | Villager (Male) |
| 11:33 | Queue | Villager (Male) |
| 11:43 | Queue | Villager (Male) |
| 11:44 | Build | House |
| 11:46 | Queue | Villager (Male) |
| 11:54 | Queue | Villager (Male) |
| 12:05 | Queue | Villager (Male) |
| 12:09 | Build | House |
| 12:11 | Build | House |
| 12:16 | Build | Palisade Wall |
| 12:17 | Build | Palisade Wall |
| 12:20 | Build | Palisade Wall |
| 12:44 | Queue | Villager (Male) |
| 12:59 | Build | Palisade Wall |
| 13:00 | Queue | Villager (Male) |
| 13:05 | Queue | Villager (Male) |
| 13:17 | Queue | Villager (Male) |
| 13:24 | Build | Farm |
| 13:38 | Build | Palisade Wall |
| 13:41 | Queue | Villager (Male) |
| 13:42 | Build | Farm |
| 13:57 | Build | Watch Tower |
| 14:02 | Build | Watch Tower |
| 14:06 | Queue | Villager (Male) |
| 14:34 | Build | House |
| 14:36 | Queue | Villager (Male) |
| 14:37 | Build | Mining Camp |
| 14:44 | Build | Mining Camp |
| 14:47 | Build | Mining Camp |
| 15:15 | Build | House |
| 15:35 | Build | Blacksmith |
| 15:44 | Build | Palisade Wall |
| 16:06 | Research | Castle Age |
| 16:06 | Research | Castle Age |
| 16:10 | Research | Double-Bit Axe |
| 16:32 | Build | Farm |
| 16:53 | Build | Farm |
| 17:09 | Research | Scale Barding Armor |
| 17:11 | Research | Horse Collar |
| 17:41 | Build | Farm |
| 17:42 | Build | Farm |
| 18:02 | Queue | Villager (Male) |
| 18:10 | Build | Stable |
| 18:46 | Age | Castle Age |
| 18:48 | Queue | Knight |
| 18:48 | Queue | Knight |
| 18:55 | Research | Bow Saw |
| 19:01 | Queue | Villager (Male) |
| 19:02 | Build | Farm |
| 19:04 | Build | Farm |
| 19:05 | Build | Farm |
| 19:11 | Queue | Knight |
| 19:11 | Queue | Knight |
| 19:13 | Queue | Villager (Male) |
| 19:20 | Queue | Knight |
| 19:23 | Queue | Knight |
| 19:27 | Build | Farm |
| 19:45 | Queue | Villager (Male) |
| 19:56 | Queue | Villager (Male) |
| 19:57 | Build | Farm |
| 20:06 | Queue | Knight |
| 20:06 | Queue | Knight |
| 20:23 | Queue | Villager (Male) |
| 20:24 | Queue | Villager (Male) |
| 20:33 | Queue | Knight |
| 20:33 | Queue | Knight |
| 20:55 | Build | Siege Workshop |
| 20:59 | Queue | Knight |
| 20:59 | Queue | Knight |
| 21:04 | Queue | Villager (Male) |
| 21:12 | Queue | Villager (Male) |
| 21:22 | Queue | Knight |
| 21:40 | Queue | Villager (Male) |
| 21:42 | Queue | Villager (Male) |
| 21:55 | Queue | Villager (Male) |
| 21:57 | Queue | Scorpion |
| 22:01 | Queue | Battering Ram |
| 22:13 | Queue | Villager (Male) |
| 22:35 | Build | Monastery |
| 22:40 | Queue | Villager (Male) |
| 22:41 | Queue | Villager (Male) |
| 22:45 | Queue | Villager (Male) |
| 22:47 | Build | Farm |
| 22:48 | Queue | Knight |
| 23:09 | Build | Farm |
| 23:24 | Build | House |
| 23:27 | Queue | Monk |
| 23:32 | Queue | Villager (Male) |
| 23:38 | Queue | Villager (Male) |
| 23:40 | Research | Wheelbarrow |
| 23:45 | Queue | Villager (Male) |
| 23:49 | Queue | Villager (Male) |
| 23:57 | Build | House |
| 24:05 | Research | Husbandry |
Match timeline
| 4:25 | Emu Warrior · first_building Barracks |
| 6:32 | Emu Warrior · wall_segment Palisade Wall x3 |
| 6:33 | Emu Warrior · wall_segment Palisade Wall x4 |
| 6:35 | Emu Warrior · wall_segment Palisade Wall x5 |
| 6:51 | Emu Warrior · wall_segment Palisade Wall x1 |
| 6:53 | Emu Warrior · wall_segment Palisade Wall x2 |
| 7:20 | TRMA | The_Beatleman · wall_segment Palisade Wall x1 |
| 7:25 | Emu Warrior · wall_segment Palisade Wall x4 |
| 7:54 | TRMA | The_Beatleman · first_building Barracks |
| 7:56 | Emu Warrior · wall_segment Palisade Wall x5 |
| 8:26 | TRMA | The_Beatleman · age_up feudal |
| 8:28 | TRMA | The_Beatleman · wall_segment Palisade Wall x1 |
| 8:32 | TRMA | The_Beatleman · first_building Stable |
| 9:18 | Emu Warrior · wall_segment Palisade Wall x5 |
| 10:02 | Emu Warrior · wall_segment Palisade Wall x9 |
| 10:05 | Emu Warrior · wall_segment Palisade Wall x10 |
| 10:27 | Emu Warrior · wall_segment Palisade Wall x1 |
| 11:09 | Emu Warrior · wall_segment Palisade Wall x1 |
| 11:14 | Emu Warrior · wall_segment Palisade Wall x1 |
| 11:30 | Emu Warrior · age_up feudal |
| 11:34 | Emu Warrior · first_building Archery Range |
| 12:16 | TRMA | The_Beatleman · wall_segment Palisade Wall x1 |
| 12:17 | TRMA | The_Beatleman · wall_segment Palisade Wall x1 |
| 12:20 | TRMA | The_Beatleman · wall_segment Palisade Wall x3 |
| 12:22 | Emu Warrior · wall_segment Palisade Wall x1 |
| 12:50 | Emu Warrior · wall_segment Palisade Wall x1 |
| 12:59 | TRMA | The_Beatleman · wall_segment Palisade Wall x11 |
| 13:38 | TRMA | The_Beatleman · wall_segment Palisade Wall x9 |
| 14:05 | Emu Warrior · wall_segment Palisade Wall x2 |
| 15:38 | Emu Warrior · wall_segment Palisade Wall x1 |
| 15:39 | Emu Warrior · wall_segment Palisade Wall x1 |
| 15:44 | TRMA | The_Beatleman · wall_segment Palisade Wall x3 |
| 16:51 | Emu Warrior · wall_segment Palisade Wall x2 |
| 18:15 | Emu Warrior · wall_segment Palisade Wall x1 |
| 18:46 | TRMA | The_Beatleman · age_up castle |
| 19:36 | Emu Warrior · wall_segment Palisade Wall x1 |
| 20:05 | Emu Warrior · age_up castle |
| 20:09 | Emu Warrior · first_building Monastery |
| 20:24 | Emu Warrior · first_market_sell 500 stone |
| 20:25 | Emu Warrior · first_market_buy 100 wood |
| 20:55 | TRMA | The_Beatleman · first_building Siege Workshop |
| 21:19 | Emu Warrior · wall_segment Palisade Wall x1 |
| 21:19 | Emu Warrior · wall_segment Palisade Wall x1 |
| 21:20 | Emu Warrior · wall_segment Palisade Wall x1 |
| 22:35 | TRMA | The_Beatleman · first_building Monastery |
| 24:06 | Emu Warrior · resign |
[ AI ANALYSIS · 1 CREDIT ]
What really happened in this match?
Wolo.gg analyzes every decision: build order, eco, micro, common mistakes by bracket. Personalized analysis on WhatsApp or Discord in 30 seconds.
Civ guide
Armenians
Perfil
Jugador #3970269